| TOP OF THE 1ST |
|
Chester Pirates batting - Pitching for Trois-Riveres Aigles : RHP Adam Householder
|
|
Pitching: RHP Adam Householder
|
|
|
Batting: RHB Rusty Trader
|
0-0: Ball 1-0: Ball 2-0: Foul Ball, location: 2F 2-1: Ground out 1-3 (Groundball, 13S, EV 70.6 MPH)
|
|
Batting: LHB Chad Cutler
|
0-0: Called Strike 0-1: Foul Ball, location: 2F 0-2: Ball 1-2: Ball 2-2: Ground out 4-3 (Groundball, 4D, EV 103.1 MPH)
|
|
Batting: RHB Steve Terres
|
0-0: SOLO HOME RUN (Flyball, 7LD, EV 98.1 MPH), Distance : 352 ft
|
|
Batting: RHB Jon Solis
|
0-0: Ball 1-0: Ball 2-0: Called Strike 2-1: Fly out, F7 (Flyball, 7, EV 95.6 MPH)
|
| Top of the 1st over - 1 run, 1 hit, 0 errors, 0 left on base; Chester 1 - Trois-Riveres 0 |
| BOTTOM OF THE 1ST |
|
Trois-Riveres Aigles batting - Pitching for Chester Pirates : RHP Justin Rousell
|
|
Pitching: RHP Justin Rousell
|
|
|
Batting: RHB Wan-ling Zhu
|
0-0: Ball 1-0: Foul Ball, location: 2F 1-1: Ball 2-1: Ball 3-1: Foul Ball, location: 2F 3-2: Base on Balls
|
|
Batting: SHB Luis Verduzco
|
0-0: Ball Passed Ball! Wan-ling Zhu to second 1-0: SINGLE (Groundball, 4MD, EV 102.5 MPH) Wan-ling Zhu to third Runner from 3rd tries for Home, SAFE, throw by CF to home
|
|
Batting: RHB Dave Galloway
|
0-0: Swinging Strike 0-1: Reached on error, E9 (Flyball, 9, EV 82.5 MPH) Luis Verduzco to second
|
|
Batting: RHB Alex Koral
|
0-0: Ball 1-0: Foul Ball, location: 2F 1-1: Ball 2-1: Ball 3-1: Called Strike 3-2: Fly out, F8 (Line Drive, 8RD, EV 85.6 MPH) Runner from 2nd tags up, SAFE at 3rd with throw by CF
|
|
Batting: SHB Omar Cervantes
|
0-0: Foul Ball, location: 2F 0-1: Ball 1-1: Called Strike 1-2: Foul Ball, location: 2F 1-2: Strikes out looking
|
|
Batting: RHB Alex Zamora
|
0-0: Ball 1-0: Foul Ball, location: 2F 1-1: Ball 2-1: Swinging Strike 2-2: Strikes out swinging
|
| Bottom of the 1st over - 1 run, 1 hit, 1 error, 2 left on base; Chester 1 - Trois-Riveres 1 |
| TOP OF THE 2ND |
|
Chester Pirates batting - Pitching for Trois-Riveres Aigles : RHP Adam Householder
|
|
Batting: RHB Hector Barajas
|
0-0: Ball 1-0: Ball 2-0: Ball 3-0: Base on Balls
|
|
Batting: LHB Damien Cohen
|
0-0: Called Strike 0-1: Ball 1-1: Ball 2-1: Swinging Strike 2-2: Fly out, F5 (Popup, 56S, EV 86.9 MPH)
|
|
Batting: RHB Rafael Galicia
|
0-0: Called Strike 0-1: Swinging Strike 0-2: Strikes out swinging
|
|
Batting: RHB Matt Derrien
|
0-0: SINGLE (Groundball, 56D, EV 97.5 MPH) Hector Barajas to second
|
|
Batting: LHB Kazuyoshi Ikeda
|
0-0: Ball 1-0: Swinging Strike 1-1: Swinging Strike 1-2: Foul Ball, location: 2F 1-2: Ball 2-2: Strikes out swinging
|
| Top of the 2nd over - 0 runs, 1 hit, 0 errors, 2 left on base; Chester 1 - Trois-Riveres 1 |
| BOTTOM OF THE 2ND |
|
Trois-Riveres Aigles batting - Pitching for Chester Pirates : RHP Justin Rousell
|
|
Batting: RHB Tim Dower
|
0-0: Foul Ball, location: 2F 0-1: Ball 1-1: Ball 2-1: Ball 3-1: Base on Balls
|
|
Batting: RHB Willie Acevedo
|
0-0: Ball 1-0: Ball 2-0: SINGLE (Groundball, P, EV 82.5 MPH) (infield hit) Tim Dower to second
|
|
Batting: RHB Sandoval Serzedelo
|
0-0: Grounds into double play, 5-4-3 (Groundball, 56S, EV 93.1 MPH) Tim Dower to third
|
|
Batting: RHB Wan-ling Zhu
|
0-0: Called Strike 0-1: Ground out U3 (Groundball, 34, EV 103.1 MPH)
|
| Bottom of the 2nd over - 0 runs, 1 hit, 0 errors, 1 left on base; Chester 1 - Trois-Riveres 1 |
| TOP OF THE 3RD |
|
Chester Pirates batting - Pitching for Trois-Riveres Aigles : RHP Adam Householder
|
|
Batting: RHB Rusty Trader
|
0-0: Foul Ball, location: 2F 0-1: Swinging Strike 0-2: Strikes out swinging
|
|
Batting: LHB Chad Cutler
|
0-0: Ball 1-0: Called Strike 1-1: Called Strike 1-2: Strikes out looking
|
|
Batting: RHB Steve Terres
|
0-0: Swinging Strike 0-1: Ball 1-1: Called Strike 1-2: Ball 2-2: Ground out 6-3 (Groundball, 56, EV 86.9 MPH)
|
| Top of the 3rd over - 0 runs, 0 hits, 0 errors, 0 left on base; Chester 1 - Trois-Riveres 1 |
| BOTTOM OF THE 3RD |
|
Trois-Riveres Aigles batting - Pitching for Chester Pirates : RHP Justin Rousell
|
|
Batting: SHB Luis Verduzco
|
0-0: Fly out, F8 (Line Drive, 8LM, EV 93.8 MPH)
|
|
Batting: RHB Dave Galloway
|
0-0: Called Strike 0-1: Foul Ball, location: 2F 0-2: Foul Ball, location: 2F 0-2: Foul Ball, location: 2F 0-2: Foul Ball, location: 2F 0-2: Fly out, F9 (Flyball, 9S, EV 85.6 MPH)
|
|
Batting: RHB Alex Koral
|
0-0: Ball 1-0: Ball 2-0: Called Strike 2-1: Ball 3-1: Foul Ball, location: 2F 3-2: SINGLE (Line Drive, 9S, EV 106.2 MPH)
|
|
Batting: SHB Omar Cervantes
|
0-0: Called Strike 0-1: Fielders Choice at 2nd, 6-4 (Groundball, 6, EV 100.6 MPH)
|
| Bottom of the 3rd over - 0 runs, 1 hit, 0 errors, 1 left on base; Chester 1 - Trois-Riveres 1 |
| TOP OF THE 4TH |
|
Chester Pirates batting - Pitching for Trois-Riveres Aigles : RHP Adam Householder
|
|
Batting: RHB Jon Solis
|
0-0: Ball 1-0: Ball 2-0: Called Strike 2-1: Swinging Strike 2-2: Strikes out swinging
|
|
Batting: RHB Hector Barajas
|
0-0: Ball 1-0: Ball 2-0: Fly out, F9 (Flyball, 9D, EV 99.4 MPH)
|
|
Batting: LHB Damien Cohen
|
0-0: Called Strike 0-1: Swinging Strike 0-2: Ball 1-2: Ball 2-2: Strikes out swinging
|
| Top of the 4th over - 0 runs, 0 hits, 0 errors, 0 left on base; Chester 1 - Trois-Riveres 1 |
| BOTTOM OF THE 4TH |
|
Trois-Riveres Aigles batting - Pitching for Chester Pirates : RHP Justin Rousell
|
|
Batting: RHB Alex Zamora
|
0-0: Ball 1-0: SOLO HOME RUN (Flyball, 78XD, EV 113.8 MPH), Distance : 431 ft
|
|
Batting: RHB Tim Dower
|
0-0: Fly out, F8 (Flyball, 8RD, EV 83.8 MPH)
|
|
Batting: RHB Willie Acevedo
|
0-0: Called Strike 0-1: Foul Ball, location: 2F 0-2: Ball 1-2: Ball 2-2: Fly out, F8 (Flyball, 8LM, EV 88.1 MPH)
|
|
Batting: RHB Sandoval Serzedelo
|
0-0: Ball 1-0: Fly out, F8 (Flyball, 8LD, EV 90.0 MPH)
|
| Bottom of the 4th over - 1 run, 1 hit, 0 errors, 0 left on base; Chester 1 - Trois-Riveres 2 |
| TOP OF THE 5TH |
|
Chester Pirates batting - Pitching for Trois-Riveres Aigles : RHP Adam Householder
|
|
Batting: RHB Rafael Galicia
|
0-0: Called Strike 0-1: Ball 1-1: Called Strike 1-2: Reached on error, E5 (Groundball, 56S, EV 69.4 MPH)
|
|
Batting: RHB Matt Derrien
|
|
|
Batting: RHB Dan Kurtz
|
0-0: Ball 1-0: Grounds into double play, 4-6-3 (Groundball, 4D, EV 105.0 MPH)
|
|
Batting: LHB Kazuyoshi Ikeda
|
0-0: Called Strike 0-1: Called Strike 0-2: Ball 1-2: Ball 2-2: Foul Ball, location: 2F 2-2: Ball 3-2: Strikes out looking
|
| Top of the 5th over - 0 runs, 0 hits, 1 error, 0 left on base; Chester 1 - Trois-Riveres 2 |
| BOTTOM OF THE 5TH |
|
Trois-Riveres Aigles batting - Pitching for Chester Pirates : RHP Justin Rousell
|
|
Batting: RHB Wan-ling Zhu
|
0-0: Called Strike 0-1: Swinging Strike 0-2: Ball 1-2: Ball 2-2: Foul Ball, location: 2F 2-2: SINGLE (Flyball, 78S, EV 98.1 MPH)
|
|
Batting: SHB Luis Verduzco
|
0-0: Fly out, F8 (Line Drive, 8RM, EV 91.9 MPH)
|
|
Batting: RHB Dave Galloway
|
0-0: Called Strike 0-1: DOUBLE (Groundball, 3L, EV 96.2 MPH) Wan-ling Zhu to third Runner from 3rd tries for Home, SAFE, throw by RF to trailing runner, SAFE at third!
|
|
Batting: RHB Alex Koral
|
0-0: Ball 1-0: Fly out, F8 (Flyball, 8RD, EV 78.1 MPH) Runner from 3rd tags up, SCORES, no throw by CF
|
|
Batting: SHB Omar Cervantes
|
0-0: Fly out, F7 (Flyball, 7S, EV 91.2 MPH)
|
| Bottom of the 5th over - 2 runs, 2 hits, 0 errors, 0 left on base; Chester 1 - Trois-Riveres 4 |
| TOP OF THE 6TH |
|
Chester Pirates batting - Pitching for Trois-Riveres Aigles : RHP Adam Householder
|
|
Batting: RHB Rusty Trader
|
0-0: Fly out, F9 (Flyball, 9D, EV 92.5 MPH)
|
|
Batting: LHB Chad Cutler
|
0-0: Ball 1-0: Fly out, F3 (Popup, 3, EV 73.1 MPH)
|
|
Batting: RHB Steve Terres
|
0-0: Ball 1-0: Ball 2-0: Foul Ball, location: 2F 2-1: Ball 3-1: SINGLE (Line Drive, 9S, EV 105.6 MPH)
|
|
Batting: RHB Jon Solis
|
0-0: Called Strike 0-1: Ball 1-1: Ball 2-1: Ball 3-1: Called Strike 3-2: Foul Ball, location: 2F 3-2: Base on Balls Steve Terres to second
|
|
Batting: RHB Hector Barajas
|
0-0: Ball 1-0: Fielders Choice at 2nd, 5-4 (Groundball, 56, EV 79.4 MPH)
|
| Top of the 6th over - 0 runs, 1 hit, 0 errors, 2 left on base; Chester 1 - Trois-Riveres 4 |
| BOTTOM OF THE 6TH |
|
Trois-Riveres Aigles batting - Pitching for Chester Pirates : RHP Justin Rousell
|
|
Batting: RHB Alex Zamora
|
0-0: Ball 1-0: Ground out 6-3 (Groundball, 6, EV 89.4 MPH)
|
|
Batting: RHB Tim Dower
|
0-0: Called Strike 0-1: Ball 1-1: Ball 2-1: Foul Ball, location: 2F 2-2: Ball 3-2: Strikes out swinging
|
|
Batting: RHB Willie Acevedo
|
0-0: Foul Ball, location: 2F 0-1: Fly out, F6 (Popup, 4S, EV 84.4 MPH)
|
| Bottom of the 6th over - 0 runs, 0 hits, 0 errors, 0 left on base; Chester 1 - Trois-Riveres 4 |
| TOP OF THE 7TH |
|
Chester Pirates batting - Pitching for Trois-Riveres Aigles : RHP Adam Householder
|
|
Batting: LHB Damien Cohen
|
0-0: Ball 1-0: Ground out 1-3 (Groundball, 13, EV 70.0 MPH)
|
|
Batting: RHB Rafael Galicia
|
0-0: Ball 1-0: Ball 2-0: Ball 3-0: Called Strike 3-1: Foul Ball, location: 2F 3-2: Strikes out swinging
|
|
Batting: RHB Dan Kurtz
|
0-0: Called Strike 0-1: Ball 1-1: Called Strike 1-2: Strikes out swinging
|
| Top of the 7th over - 0 runs, 0 hits, 0 errors, 0 left on base; Chester 1 - Trois-Riveres 4 |
| BOTTOM OF THE 7TH |
|
Trois-Riveres Aigles batting - Pitching for Chester Pirates : RHP Justin Rousell
|
|
Batting: RHB Sandoval Serzedelo
|
0-0: Ground out 4-3 (Groundball, 4M, EV 102.5 MPH)
|
|
Batting: RHB Wan-ling Zhu
|
0-0: Called Strike 0-1: Foul Ball, location: 2F 0-2: Foul Ball, location: 2F 0-2: Hit by Pitch
|
|
Batting: SHB Luis Verduzco
|
0-0: Called Strike 0-1: Foul Ball, location: 2F 0-2: Foul Ball, location: 2F 0-2: Strikes out swinging
|
|
Batting: RHB Dave Galloway
|
0-0: SINGLE (Groundball, 56D, EV 105.0 MPH) Wan-ling Zhu to second Runner from 2nd tries for 3rd, SAFE, throw by LF made at trailing runner, OUT! 7-4
|
| Bottom of the 7th over - 0 runs, 1 hit, 0 errors, 1 left on base; Chester 1 - Trois-Riveres 4 |
| TOP OF THE 8TH |
|
Chester Pirates batting - Pitching for Trois-Riveres Aigles : RHP Adam Householder
|
|
Batting: LHB Kazuyoshi Ikeda
|
0-0: Ball 1-0: Ground out 6-3 (Groundball, 6, EV 96.9 MPH)
|
|
Batting: RHB Rusty Trader
|
0-0: Called Strike 0-1: Called Strike 0-2: Ball 1-2: Ball 2-2: Ball 3-2: Ground out 5-3 (Groundball, 56, EV 80.0 MPH)
|
|
Batting: LHB Chad Cutler
|
0-0: Called Strike 0-1: Foul Ball, location: 2F 0-2: Ball 1-2: Strikes out swinging
|
| Top of the 8th over - 0 runs, 0 hits, 0 errors, 0 left on base; Chester 1 - Trois-Riveres 4 |
| BOTTOM OF THE 8TH |
|
Trois-Riveres Aigles batting - Pitching for Chester Pirates : RHP Justin Rousell
|
|
Batting: RHB Alex Koral
|
0-0: Ball 1-0: Ball 2-0: Ball 3-0: Called Strike 3-1: Foul Ball, location: 2F 3-2: Fly out, F6 (Line Drive, 6D, EV 68.8 MPH)
|
|
Batting: SHB Omar Cervantes
|
0-0: Called Strike 0-1: Ball 1-1: Ball 2-1: Ball 3-1: Base on Balls
|
|
Batting: RHB Alex Zamora
|
0-0: SINGLE (Groundball, 4D, EV 95.6 MPH) Omar Cervantes to second Runner from 2nd tries for 3rd, SAFE, no throw by CF
|
|
Pitching: LHP Juan Hernandez
|
|
|
Batting: RHB Tim Dower
|
0-0: Ball 1-0: Ball 2-0: Ball 3-0: SINGLE (Groundball, 23, EV 64.4 MPH) (infield hit) Alex Zamora to second
|
|
Batting: RHB Willie Acevedo
|
0-0: Ball 1-0: Foul Ball, location: 2F 1-1: Swinging Strike 1-2: Strikes out looking
|
|
Batting: RHB Sandoval Serzedelo
|
0-0: Ball 1-0: Called Strike 1-1: Ball 2-1: Ball 3-1: GRAND SLAM HOME RUN (Flyball, 7D, EV 97.5 MPH), Distance : 395 ft
|
|
Batting: RHB Wan-ling Zhu
|
0-0: Ball 1-0: Called Strike 1-1: Foul Ball, location: 2F 1-2: Ball 2-2: Ball 3-2: Base on Balls
|
|
Pitching: RHP Bill Gomez
|
|
|
Pinch Hitting: RHB Gilbert Hoareau
|
0-0: Ball 1-0: Ball 2-0: Fly out, F6 (Line Drive, 6MD, EV 73.1 MPH)
|
| Bottom of the 8th over - 4 runs, 3 hits, 0 errors, 1 left on base; Chester 1 - Trois-Riveres 8 |
| TOP OF THE 9TH |
|
Chester Pirates batting - Pitching for Trois-Riveres Aigles : RHP Adam Householder
|
|
Now in RF: Gilbert Hoareau
|
|
|
Batting: RHB Steve Terres
|
0-0: Fly out, F2 (Popup, 2R, EV 91.9 MPH)
|
|
Batting: RHB Jon Solis
|
0-0: Ball 1-0: Called Strike 1-1: Ball 2-1: Foul Ball, location: 2F 2-2: Strikes out looking
|
|
Batting: RHB Hector Barajas
|
0-0: SINGLE (Groundball, 56S, EV 71.2 MPH) (infield hit)
|
|
Pitching: LHP Kazuyoshi Miyazaki
|
|
|
Batting: LHB Damien Cohen
|
0-0: 2-RUN HOME RUN (Flyball, 9LD, EV 95.6 MPH), Distance : 358 ft
|
|
Batting: RHB Rafael Galicia
|
0-0: Foul Ball, location: 2F 0-1: Ball 1-1: Foul Ball, location: 2F 1-2: Foul Ball, location: 2F 1-2: Strikes out swinging
|
| Top of the 9th over - 2 runs, 2 hits, 0 errors, 0 left on base; Chester 3 - Trois-Riveres 8 |
|